 Dungeon Crawl Stone Soup version 0.31-a0-167-g1c394c0614 (webtiles) character file.

Game seed: 1000369437614892498

75027 qw the Severer (level 15, -1/106 HPs)
             Began as a Gargoyle Fighter on June 14, 2023.
             Was an Elder of Okawaru.
             Slain by a very large slime creature (15 damage)
             ... on level 13 of the Dungeon.
             The game lasted 00:12:07 (21609 turns).

qw the Severer (Gargoyle Fighter)                  Turns: 21609, Time: 00:12:07

Health: -1/106     AC: 43    Str: 26    XL:     15   Next: 48%
Magic:  22/22      EV: 10    Int: 10    God:    Okawaru [****..]
Gold:   1667       SH:  7    Dex:  9    Spells: 14/14 levels left

rFire   . . .        s - +2 broad axe
rCold   . . .        c - +0 buckler
rNeg    + . .        b - +1 plate armour
rPois   inf          u - +2 helmet
rElec   +            n - +0 cloak
rCorr   .            q - +0 pair of gloves
SInv    .            v - +0 pair of boots
Will    +....        (no amulet) Stlth
                     y - +4 ring of protection
HPRegen 0.37/turn    p - +4 ring of slaying {mikee}
MPRegen 0.18/turn

%: no passive effects
@: about to teleport, heroic, flying
A: sickness immunity, AC +11, big wings, negative energy resistance 1,
electricity resistance, torment resistance 1, petrification resistance, mutation
resistance 1, robust 1
a: Renounce Religion, Heroism, Finesse


You were on level 13 of the Dungeon.
You worshipped Okawaru.
Okawaru was greatly pleased with you.
You visited 3 branches of the dungeon, and saw 19 of its levels.
You also visited: Ossuary.

You collected 1951 gold pieces.
You spent 284 gold pieces at shops.


Innate Abilities, Weirdness & Mutations

You are immune to sickness and miasma.
Your stone body is resilient. (AC +11)
You are immune to poison.
Your large and strong wings let you fly.
You resist negative energy. (rN+)
You are resistant to electric shocks. (rElec)
You are resistant to unholy torment.
You are immune to petrification.
You are somewhat resistant to further mutation.
You are robust. (+10% HP)


   Skills:
 + Level 12.4(17.4) Fighting
 - Level 17.0(22.0) Axes
 - Level 5.0(10.0) Throwing
 - Level 12.8(17.8) Armour
 - Level 3.0(8.0) Dodging
 - Level 8.0(13.0) Shields
 - Level 10.0 Invocations


You had 14 spell levels left.
You didn't know any spells.
Your spell library was empty.

Inventory:

Hand Weapons
 g - a +1 demon whip of venom
 m - a +1 morningstar of protection
 s - a +2 broad axe (weapon)
Missiles
 t - 5 javelins (quivered)
Armour
 b - a +1 plate armour (worn)
 c - a +0 buckler (worn)
 n - a +0 cloak (worn)
 q - a +0 pair of gloves (worn)
 u - a +2 helmet (worn)
 v - a +0 pair of boots (worn)
Jewellery
 f - a ring of resist corrosion
 j - a +6 ring of strength
 o - a ring of protection from fire
 p - a +4 ring of slaying (right hand) {mikee}
 x - a ring of protection from cold
 y - a +4 ring of protection (left hand)
Wands
 i - a wand of digging (15)
Scrolls
 k - 11 scrolls of identify
 r - 2 scrolls of teleportation
Potions
 a - a potion of haste
 d - 10 potions of might
 e - 5 potions of attraction
 h - 4 potions of mutation
 l - 10 potions of curing
 w - 2 potions of magic
 z - a potion of resistance

Dungeon Overview and Level Annotations

Branches:
Dungeon (13/15)            Temple (1/1) D:4            Lair (5/5) D:8
  Swamp (0/4) Lair:3        Snake (0/4) Lair:3        Slime (0/5) Lair:5
    Orc (0/2) D:11        Ossuary (visited)
 Vaults: D:13-14

Altars:
Ashenzari
Cheibriados
Dithmenos
Elyvilon
Fedhas
Gozag
Hepliaklqana
Kikubaaqudgha
Makhleb
Nemelex Xobeh
Okawaru
Qazlal
Ru
Sif Muna
Trog
Uskayaw
Vehumet
Wu Jian
Xom
Yredelemnul
Zin
The Shining One
Jiyva

Shops:
D:5 =?   D:6 (   D:7 [

Annotations:
Lair:4 1 runed translucent door
Lair:5 1 runed translucent door


Message History

You slice the cyclops!!
You kill the cyclops!
Okawaru accepts your kill.
You slice the very large slime creature!!
The very large slime creature is lightly wounded.
The very large slime creature hits you!
The cyclops throws a large rock.
You block the large rock.
You slice the very large slime creature!!
The very large slime creature is moderately wounded.
You block the very large slime creature's attack.
You hit the very large slime creature.
The very large slime creature is moderately wounded.
You slash the very large slime creature!
The very large slime creature is moderately wounded.
You slash the cyclops!
The very large slime creature barely misses you.
The cyclops misses you.
You completely miss the very large slime creature.
The very large slime creature is moderately wounded.
You slice the cyclops!!
The very large slime creature barely misses you.
You slash the cyclops!
You kill the cyclops!
Okawaru accepts your kill.
You slash the very large slime creature!
The very large slime creature hits you!!!
You slice the very large slime creature!!
The very large slime creature is heavily wounded.
You slash the very large slime creature!
The very large slime creature is severely wounded.
You block the very large slime creature's attack.
You slash the very large slime creature!
The very large slime creature is severely wounded.
The very large slime creature hits you!!!
21609 ||| READING 3 scrolls of teleportation.
As you read the scroll of teleportation, it crumbles to dust.
You feel strangely unstable.
A slime creature comes into view.
The very large slime creature hits you!
You die...

#.##.##... .#####'
#.....#### #......
####...### ....... #.#....
#.#... #.####. #.#... ..#
#. #.##.# ..## ## #.##(#
... #### #.##@# .#.. .....
############.##J####..>#..
.####
#..........#...........
#..........#..#.######.
#...............#
#..........####.#
#..........# #...
#..........# #J###
#........^.# #.#


You could see a very large slime creature and a slime creature (wandering).

Vanquished Creatures
  Nessos (D:13)
  5 hydras
  A catoblepas (Lair:4)
  A boulder beetle (D:10)
  4 two-headed ogres
  13 death yaks
  A tengu warrior (D:9)
  Sonja (Lair:2)
  A fire crab (Lair:5)
  5 skeletal warriors (D:11)
  Lodul (D:12)
  A manticore (D:13)
  3 oklob plants
  5 cyclopes
  3 ugly things
  9 elephants
  Maurice (D:8)
  4 black mambas
  4 gargoyles
  A rime drake (D:8)
  11 cane toads
  13 komodo dragons
  An unseen horror (D:13)
  6 trolls
  11 polar bears
  Prince Ribbit (D:5)
  18 dream sheep
  A raiju (Lair:5)
  26 blink frogs
  4 slime creatures (D:13)
  A shadow (D:11)
  2 vampires
  2 wraiths (D:11)
  5 wyverns
  48 yaks
  2 steam dragons
  2 basilisks
  Eustachio (D:5)
  3 vampire mosquitoes
  Menkaure (D:5)
  4 wargs (Lair:5)
  3 swamp worms (Lair:3)
  3 acid dragons
  12 water moccasins
  16 hell hounds (Lair:5)
  6 orc warriors
  A sky beast (D:6)
  7 ice beasts
  15 black bears
  7 centaurs
  11 ogres
  27 wolves
  3 kobold brigands
  12 bullfrogs
  2 gnoll sergeants (D:8)
  3 scorpions
  8 wights
  5 killer bees (D:9)
  6 electric eels
  2 howler monkeys
  A bullfrog zombie (D:6)
  A crimson imp (D:5)
  2 quasits (D:7)
  3 jellies
  5 hounds
  4 orc priests
  Jessica (D:3)
  A sleepcap (D:5)
  10 orc wizards
  Natasha (thrice) (D:4)
  8 mummies (Ossuary)
  A howler monkey zombie (D:6)
  11 gnolls
  8 adders
  2 shadow imps (D:7)
  5 white imps
  5 ufetubi
  2 worms
  5 dart slugs
  38 orcs
  14 ball pythons
  4 endoplasms
  6 giant cockroaches
  7 goblins
  8 hobgoblins
  8 jackals (D:4)
  21 kobolds
  5 quokkas
  8 bats
  6 frilled lizards
  A hobgoblin zombie (Ossuary)
  2 kobold zombies (Ossuary)
  5 orc zombies (Ossuary)
  5 rats
593 creatures vanquished.

Vanquished Creatures (others)
  A two-headed ogre (D:8)
1 creature vanquished.

Grand Total: 594 creatures vanquished

Notes
Turn   | Place    | Note
-------+----------+-------------------------------------------
     0 | D:1      | qw the Gargoyle Fighter began the quest for the Orb.
     0 | D:1      | Reached XP level 1. HP: 14/14 MP: 1/1
     0 | D:1      | 0 ||| qw: Version: 0.2-a-29-g1fa15c8
     0 | D:1      | 0 ||| qw: Game counter: 4969
     0 | D:1      | 0 ||| qw: Always use a shield: true
     0 | D:1      | 0 ||| qw: God list: Okawaru
     0 | D:1      | 0 ||| qw: Allow faded altars: false
     0 | D:1      | 0 ||| qw: Do Orc after D:15 true
     0 | D:1      | 0 ||| qw: Do second Lair branch before Depths: true
     0 | D:1      | 0 ||| qw: Lair rune preference: random
     0 | D:1      | 0 ||| qw: Plans: Normal, Zot:1-4, Slime:5, God:TSO, Crypt,
                  | Tomb, Abyss, Pan, Hells, Win
     0 | D:1      | 0 ||| PLANNING D:1-11
   104 | D:1      | Reached skill level 2 in Axes
   155 | D:1      | 155 ||| Stepping ~*~*~tactically~*~*~ (hiding).
   156 | D:1      | 156 ||| Stepping ~*~*~tactically~*~*~ (hiding).
   163 | D:1      | Reached XP level 2. HP: 19/19 MP: 2/2
   231 | D:1      | 231 ||| Stepping ~*~*~tactically~*~*~ (stealth).
   285 | D:1      | Reached skill level 3 in Axes
   315 | D:1      | Reached XP level 3. HP: 21/23 MP: 3/3
   650 | D:1      | 650 ||| READING 2 scrolls labelled MOTIEBB ZIMASA.
   651 | D:1      | 651 ||| READING scroll labelled IGEITE AGHETIDUNY.
   652 | D:1      | 652 ||| READING 2 scrolls labelled SARODE ICILOKAB.
   653 | D:1      | 653 ||| READING scroll of enchant weapon.
   653 | D:1      | 653 ||| ENCHANTING +1 war axe.
   654 | D:1      | 654 ||| READING scroll labelled JIGGOAMUAL.
   655 | D:1      | 655 ||| DRINKING 2 metallic pink potions.
   655 | D:1      | Gained mutation: You are robust. (+10% HP) [potion of
                  | mutation]
   655 | D:1      | Gained mutation: You are somewhat resistant to further
                  | mutation. [potion of mutation]
   661 | D:1      | 661 ||| DROPPING scroll of noise.
   964 | D:2      | 964 ||| Stepping ~*~*~tactically~*~*~ (stealth).
  1177 | D:2      | 1177 ||| Stepping ~*~*~tactically~*~*~ (hiding).
  1240 | D:2      | Reached XP level 4. HP: 28/30 MP: 4/4
  1512 | D:2      | 1512 ||| DRINKING 2 emerald potions.
  1619 | D:3      | Reached skill level 4 in Axes
  1831 | D:3      | 1831 ||| Stepping ~*~*~tactically~*~*~ (hiding).
  1852 | D:3      | 1852 ||| FLEEEEING.
  1853 | D:3      | 1853 ||| FLEEEEING.
  1854 | D:3      | 1854 ||| FLEEEEING.
  1855 | D:3      | 1855 ||| FLEEEEING.
  1856 | D:3      | 1856 ||| FLEEEEING.
  1857 | D:3      | 1857 ||| FLEEEEING.
  1858 | D:3      | 1858 ||| FLEEEEING.
  1859 | D:3      | 1859 ||| FLEEEEING.
  1860 | D:3      | 1860 ||| FLEEEEING.
  1862 | D:3      | 1862 ||| FLEEEEING.
  1863 | D:3      | 1863 ||| FLEEEEING.
  1864 | D:3      | 1864 ||| FLEEEEING.
  1865 | D:3      | 1865 ||| FLEEEEING.
  1866 | D:3      | 1866 ||| FLEEEEING.
  1867 | D:3      | 1867 ||| FLEEEEING.
  1868 | D:3      | 1868 ||| FLEEEEING.
  1869 | D:3      | 1869 ||| FLEEEEING.
  1871 | D:3      | 1871 ||| FLEEEEING.
  1872 | D:3      | 1872 ||| FLEEEEING.
  1873 | D:3      | 1873 ||| FLEEEEING.
  1874 | D:3      | 1874 ||| FLEEEEING.
  1875 | D:3      | 1875 ||| FLEEEEING.
  1876 | D:3      | 1876 ||| FLEEEEING.
  1877 | D:3      | 1877 ||| FLEEEEING.
  1878 | D:3      | 1878 ||| FLEEEEING.
  1879 | D:3      | 1879 ||| FLEEEEING.
  1880 | D:3      | 1880 ||| FLEEEEING.
  1881 | D:3      | 1881 ||| FLEEEEING.
  1882 | D:3      | 1882 ||| STAIRDANCE
  1899 | D:2      | 1899 ||| UPGRADING to ring of resist corrosion.
  1900 | D:2      | 1900 ||| READING scroll labelled NEEDUEPLOE.
  2115 | D:3      | 2115 ||| DROPPING +2 whip of freezing.
  2140 | D:3      | 2140 ||| Stepping ~*~*~tactically~*~*~ (stealth).
  2141 | D:3      | 2141 ||| Stepping ~*~*~tactically~*~*~ (stealth).
  2254 | D:3      | Noticed Jessica
  2256 | D:3      | Killed Jessica
  2257 | D:3      | Reached XP level 5. HP: 35/35 MP: 5/5
  2445 | D:3      | 2445 ||| READING scroll labelled HIZAUS ALIMI.
  2448 | D:3      | 2448 ||| READING scroll labelled TOARISHR XABO.
  2449 | D:3      | 2449 ||| DRINKING 2 yellow potions.
  2450 | D:3      | 2450 ||| DRINKING 3 sapphire potions.
  2697 | D:4      | 2697 ||| Stepping ~*~*~tactically~*~*~ (stealth).
  2699 | D:4      | 2699 ||| FLEEEEING.
  2702 | D:4      | 2702 ||| FLEEEEING.
  2703 | D:4      | 2703 ||| FLEEEEING.
  2706 | D:4      | 2706 ||| FLEEEEING.
  2707 | D:4      | 2707 ||| FLEEEEING.
  2709 | D:4      | 2709 ||| FLEEEEING.
  2711 | D:4      | 2711 ||| FLEEEEING.
  2712 | D:4      | 2712 ||| FLEEEEING.
  2713 | D:4      | 2713 ||| FLEEEEING.
  2714 | D:4      | 2714 ||| FLEEEEING.
  2715 | D:4      | 2715 ||| FLEEEEING.
  2716 | D:4      | 2716 ||| FLEEEEING.
  2717 | D:4      | 2717 ||| FLEEEEING.
  2718 | D:4      | 2718 ||| FLEEEEING.
  2719 | D:4      | 2719 ||| FLEEEEING.
  2720 | D:4      | 2720 ||| FLEEEEING.
  2721 | D:4      | 2721 ||| FLEEEEING.
  2722 | D:4      | 2722 ||| FLEEEEING.
  2723 | D:4      | 2723 ||| FLEEEEING.
  2724 | D:4      | 2724 ||| FLEEEEING.
  2726 | D:4      | 2726 ||| Stepping ~*~*~tactically~*~*~ (hiding).
  2737 | D:4      | 2737 ||| FLEEEEING.
  2738 | D:4      | 2738 ||| FLEEEEING.
  2739 | D:4      | 2739 ||| FLEEEEING.
  2740 | D:4      | 2740 ||| FLEEEEING.
  2741 | D:4      | 2741 ||| FLEEEEING.
  2742 | D:4      | 2742 ||| FLEEEEING.
  2743 | D:4      | 2743 ||| FLEEEEING.
  2744 | D:4      | 2744 ||| FLEEEEING.
  2745 | D:4      | 2745 ||| FLEEEEING.
  2746 | D:4      | 2746 ||| FLEEEEING.
  2747 | D:4      | 2747 ||| FLEEEEING.
  2748 | D:4      | 2748 ||| FLEEEEING.
  2749 | D:4      | 2749 ||| FLEEEEING.
  2751 | D:4      | 2751 ||| FLEEEEING.
  2752 | D:4      | 2752 ||| FLEEEEING.
  2753 | D:4      | 2753 ||| FLEEEEING.
  2754 | D:4      | 2754 ||| FLEEEEING.
  2755 | D:4      | 2755 ||| FLEEEEING.
  2756 | D:4      | 2756 ||| FLEEEEING.
  2757 | D:4      | 2757 ||| STAIRDANCE
  2794 | D:3      | 2794 ||| UPGRADING to ring of willpower.
  2795 | D:3      | 2795 ||| READING scroll labelled MEFYXKAIS FICI.
  2827 | D:4      | Reached skill level 5 in Axes
  2952 | D:4      | 2952 ||| Stepping ~*~*~tactically~*~*~ (hiding).
  3194 | D:4      | Found a staircase to the Ecumenical Temple.
  3195 | D:4      | 3195 ||| PLANNING TEMPLE
  3195 | D:4      | 3195 ||| UPGRADING to ring of willpower.
  3197 | D:4      | 3197 ||| READING scroll labelled MADUEF ZUATA.
  3198 | D:4      | Noticed Natasha
  3202 | D:4      | Killed Natasha
  3244 | Temple   | Entered the Ecumenical Temple
  3245 | Temple   | 3245 ||| PLANNING OKAWARU WORSHIP
  3262 | Temple   | Became a worshipper of Warmaster Okawaru
  3263 | Temple   | 3263 ||| PLANNING D:1-11
  3617 | D:4      | Noticed Natasha
  3622 | D:4      | Reached skill level 1 in Dodging
  3622 | D:4      | Reached XP level 6. HP: 37/41 MP: 6/6
  3625 | D:4      | Killed Natasha
  3680 | D:4      | 3680 ||| Stepping ~*~*~tactically~*~*~ (stealth).
  3751 | D:4      | Noticed Natasha
  3763 | D:4      | Killed Natasha
  3924 | D:4      | 3924 ||| DROPPING ring of flight.
  3925 | D:4      | 3925 ||| READING 3 scrolls of identify.
  3925 | D:4      | 3925 ||| IDENTIFYING brown potion
  3926 | D:4      | 3926 ||| READING 2 scrolls of identify.
  3926 | D:4      | 3926 ||| IDENTIFYING smoky dark potion
  3927 | D:4      | 3927 ||| DROPPING potion of degeneration.
  3964 | D:5      | Entered Level 5 of the Dungeon
  3972 | D:5      | Found a shadowy altar of Dithmenos.
  4100 | D:5      | Noticed a black bear
  4104 | D:5      | Noticed a water moccasin
  4107 | D:5      | Killed a black bear
  4108 | D:5      | Reached skill level 6 in Axes
  4108 | D:5      | Reached XP level 7. HP: 30/47 MP: 7/7
  4113 | D:5      | Reached * piety under Okawaru
  4207 | D:5      | Found a radiant altar of Vehumet.
  4220 | D:5      | Noticed Menkaure
  4221 | D:5      | 4221 ||| INVOKING Heroism.
  4232 | D:5      | 4232 ||| INVOKING Heroism.
  4233 | D:5      | Killed Menkaure
  4234 | D:5      | Reached skill level 7 in Axes
  4343 | D:5      | 4343 ||| INVOKING Heroism.
  4483 | D:5      | Found a glowing silver altar of Zin.
  4505 | D:5      | Reached skill level 1 in Invocations
  4505 | D:5      | Reached XP level 8. HP: 52/52 MP: 7/9
  4601 | D:5      | Noticed Eustachio
  4602 | D:5      | 4602 ||| INVOKING Heroism.
  4609 | D:5      | Killed Eustachio
  4632 | D:5      | 4632 ||| Stepping ~*~*~tactically~*~*~ (hiding).
  4633 | D:5      | 4633 ||| Stepping ~*~*~tactically~*~*~ (hiding).
  4822 | D:5      | Reached skill level 3 in Invocations
  4826 | D:5      | Found a burning altar of Makhleb.
  4934 | D:5      | Noticed Prince Ribbit
  4935 | D:5      | 4935 ||| INVOKING Heroism.
  4953 | D:5      | 4953 ||| INVOKING Heroism.
  4955 | D:5      | Killed Prince Ribbit
  4956 | D:5      | Reached skill level 8 in Axes
  5062 | D:5      | Found Vuifuc's Jewellery Boutique.
  5079 | D:5      | 5079 ||| SHOPLISTING +4 ring of protection (468 gold, have
                  | 333).
  5079 | D:5      | 5079 ||| SHOPLISTING +6 ring of dexterity (468 gold, have
                  | 333).
  5079 | D:5      | 5079 ||| SHOPLISTING ring of Vommadak {rCorr Str+3} (432
                  | gold, have 333).
  5079 | D:5      | 5079 ||| BUYING ring of positive energy (260 gold).
  5079 | D:5      | Bought a ring of positive energy for 260 gold pieces
  5079 | D:5      | 5079 ||| SHOPLISTING ring of see invisible (195 gold, have
                  | 73).
  5120 | D:5      | 5120 ||| INVOKING Heroism.
  5220 | D:5      | Found The Oracle's Delphic Readings.
  5224 | D:5      | 5224 ||| BUYING scroll of identify (24 gold).
  5224 | D:5      | Bought a scroll of identify for 24 gold pieces
  5394 | D:5      | 5394 ||| READING scroll labelled UDUAMI CAMO.
  5395 | D:5      | 5395 ||| READING 2 scrolls of identify.
  5395 | D:5      | 5395 ||| IDENTIFYING silvery potion
  5396 | D:5      | 5396 ||| DROPPING potion of enlightenment.
  5474 | D:6      | Reached skill level 6 in Fighting
  5474 | D:6      | Reached XP level 9. HP: 61/61 MP: 12/12
  5490 | D:6      | 5490 ||| INVOKING Heroism.
  5492 | D:6      | 5492 ||| Stepping ~*~*~tactically~*~*~ (cloud).
  5501 | D:6      | Reached skill level 9 in Axes
  5501 | D:6      | 5501 ||| Stepping ~*~*~tactically~*~*~ (cloud).
  5517 | D:6      | 5517 ||| INVOKING Heroism.
  5529 | D:6      | 5529 ||| FLEEEEING.
  5530 | D:6      | 5530 ||| FLEEEEING.
  5531 | D:6      | 5531 ||| FLEEEEING.
  5532 | D:6      | 5532 ||| FLEEEEING.
  5533 | D:6      | 5533 ||| FLEEEEING.
  5534 | D:6      | 5534 ||| FLEEEEING.
  5535 | D:6      | 5535 ||| FLEEEEING.
  5536 | D:6      | 5536 ||| STAIRDANCE
  5536 | D:6      | HP: 9/61 [white imp/puff of frost (12)]
  5719 | D:6      | 5719 ||| STAIRDANCE
  5751 | D:6      | 5751 ||| INVOKING Heroism.
  5790 | D:6      | 5790 ||| Stepping ~*~*~tactically~*~*~ (stealth).
  5792 | D:6      | 5792 ||| INVOKING Heroism.
  5810 | D:6      | 5810 ||| Stepping ~*~*~tactically~*~*~ (stealth).
  5909 | D:6      | 5909 ||| Stepping ~*~*~tactically~*~*~ (stealth).
  5961 | D:6      | Found a basalt altar of Yredelemnul.
  5981 | D:6      | Found Soedijeo's Antique Weapon Shoppe.
  5990 | D:6      | 5990 ||| SHOPLISTING broad axe (92 gold, have 91).
  6039 | D:6      | 6039 ||| Stepping ~*~*~tactically~*~*~ (stealth).
  6278 | D:6      | 6278 ||| UPGRADING to +3 chain mail.
  6288 | D:6      | 6288 ||| DROPPING +0 scale mail.
  6289 | D:6      | 6289 ||| UPGRADING to +4 ring of slaying {mikee}.
  6291 | D:6      | 6291 ||| DROPPING ring of willpower.
  6292 | D:6      | 6292 ||| READING 2 scrolls of identify.
  6292 | D:6      | 6292 ||| IDENTIFYING smoky green potion
  6293 | D:6      | 6293 ||| DRINKING potion of experience.
  6293 | D:6      | Reached skill level 12 in Armour
  6293 | D:6      | Reached XP level 10. HP: 69/69 MP: 13/13
  6310 | D:7      | 6310 ||| PLANNING OSSUARY
  6355 | D:7      | Found Hadad-Baal's Dragon-Slaying Spoils.
  6363 | D:7      | 6363 ||| SHOPLISTING +0 acid dragon scales of the Bells
                  | {+Blink rN+ rCorr Dex-2} (756 gold, have 162).
  6363 | D:7      | 6363 ||| SHOPLISTING +0 pearl dragon scales (1400 gold,
                  | have 162).
  6363 | D:7      | 6363 ||| SHOPLISTING +0 shadow dragon scales (1120 gold,
                  | have 162).
  6363 | D:7      | 6363 ||| SHOPLISTING +1 storm dragon scales of Melancholy
                  | {rElec rF+ Regen+ rCorr Dex-5} (1317 gold, have 162).
  6363 | D:7      | 6363 ||| SHOPLISTING +2 fire dragon scales "Roido" {Harm
                  | rF++ rC- Int+4} (1195 gold, have 162).
  6363 | D:7      | 6363 ||| SHOPLISTING +2 gold dragon scales (1288 gold, have
                  | 162).
  6363 | D:7      | 6363 ||| SHOPLISTING +2 ice dragon scales (1008 gold, have
                  | 162).
  6398 | D:7      | 6398 ||| Stepping ~*~*~tactically~*~*~ (hiding).
  6399 | D:7      | 6399 ||| Stepping ~*~*~tactically~*~*~ (hiding).
  6401 | D:7      | 6401 ||| Stepping ~*~*~tactically~*~*~ (hiding).
  6404 | D:7      | 6404 ||| Stepping ~*~*~tactically~*~*~ (hiding).
  6405 | D:7      | 6405 ||| Stepping ~*~*~tactically~*~*~ (hiding).
  6411 | D:7      | 6411 ||| Stepping ~*~*~tactically~*~*~ (hiding).
  6413 | D:7      | 6413 ||| INVOKING Heroism.
  6416 | D:7      | 6416 ||| Stepping ~*~*~tactically~*~*~ (hiding).
  6417 | D:7      | 6417 ||| Stepping ~*~*~tactically~*~*~ (hiding).
  6418 | D:7      | 6418 ||| Stepping ~*~*~tactically~*~*~ (stealth).
  6419 | D:7      | 6419 ||| Stepping ~*~*~tactically~*~*~ (hiding).
  6420 | D:7      | 6420 ||| Stepping ~*~*~tactically~*~*~ (stealth).
  6442 | D:7      | Found a sand-covered staircase.
  6443 | D:7      | 6443 ||| UPGRADING to +0 plate armour.
  6453 | D:7      | 6453 ||| DROPPING +3 chain mail.
  6454 | D:7      | 6454 ||| UPGRADING to ring of protection from fire.
  6465 | Ossuary  | Entered an ossuary
  6733 | Ossuary  | 6733 ||| READING scroll of enchant armour.
  6733 | Ossuary  | 6733 ||| ENCHANTING +0 plate armour.
  6734 | Ossuary  | 6734 ||| READING scroll labelled HAIDEWN DYCRI.
  6755 | D:7      | 6755 ||| PLANNING D:1-11
  6994 | D:7      | 6994 ||| INVOKING Heroism.
  7120 | D:7      | 7120 ||| Stepping ~*~*~tactically~*~*~ (stealth).
  7156 | D:7      | 7156 ||| Stepping ~*~*~tactically~*~*~ (hiding).
  7280 | D:7      | 7280 ||| Stepping ~*~*~tactically~*~*~ (hiding).
  7305 | D:7      | 7305 ||| Stepping ~*~*~tactically~*~*~ (hiding).
  7345 | D:7      | 7345 ||| FLEEEEING.
  7346 | D:7      | 7346 ||| FLEEEEING.
  7347 | D:7      | 7347 ||| FLEEEEING.
  7348 | D:7      | 7348 ||| FLEEEEING.
  7349 | D:7      | 7349 ||| FLEEEEING.
  7351 | D:7      | 7351 ||| FLEEEEING.
  7352 | D:7      | 7352 ||| FLEEEEING.
  7353 | D:7      | 7353 ||| FLEEEEING.
  7354 | D:7      | 7354 ||| FLEEEEING.
  7355 | D:7      | 7355 ||| FLEEEEING.
  7356 | D:7      | 7356 ||| FLEEEEING.
  7357 | D:7      | 7357 ||| FLEEEEING.
  7361 | D:7      | 7361 ||| FLEEEEING.
  7362 | D:7      | 7362 ||| FLEEEEING.
  7375 | D:7      | 7375 ||| FLEEEEING.
  7376 | D:7      | 7376 ||| FLEEEEING.
  7377 | D:7      | 7377 ||| FLEEEEING.
  7378 | D:7      | 7378 ||| FLEEEEING.
  7379 | D:7      | 7379 ||| FLEEEEING.
  7381 | D:7      | 7381 ||| STAIRDANCE
  7531 | D:7      | 7531 ||| INVOKING Heroism.
  7553 | D:7      | 7553 ||| Stepping ~*~*~tactically~*~*~ (hiding).
  7790 | D:7      | 7790 ||| UPGRADING to +0 pair of boots.
  7795 | D:7      | 7795 ||| DROPPING ring of magical power.
  7836 | D:8      | Found a shimmering altar of Xom.
  7843 | D:8      | 7843 ||| STAIRDANCE
  7872 | D:8      | 7872 ||| INVOKING Heroism.
  7882 | D:8      | Reached skill level 10 in Axes
  7894 | D:8      | Reached ** piety under Okawaru
  7907 | D:8      | 7907 ||| INVOKING Heroism.
  7912 | D:8      | Reached XP level 11. HP: 48/74 MP: 11/14
  7929 | D:8      | 7929 ||| INVOKING Heroism.
  7940 | D:8      | Noticed Maurice
  7941 | D:8      | 7941 ||| Stepping ~*~*~tactically~*~*~ (stealth).
  7942 | D:8      | 7942 ||| Stepping ~*~*~tactically~*~*~ (stealth).
  7943 | D:8      | 7943 ||| Stepping ~*~*~tactically~*~*~ (stealth).
  7944 | D:8      | 7944 ||| Stepping ~*~*~tactically~*~*~ (stealth).
  7956 | D:8      | Noticed a two-headed ogre
  7957 | D:8      | 7957 ||| FLEEEEING.
  7958 | D:8      | 7958 ||| FLEEEEING.
  7959 | D:8      | 7959 ||| FLEEEEING.
  7960 | D:8      | 7960 ||| FLEEEEING.
  7961 | D:8      | 7961 ||| FLEEEEING.
  7962 | D:8      | 7962 ||| FLEEEEING.
  7963 | D:8      | 7963 ||| FLEEEEING.
  7964 | D:8      | 7964 ||| Stepping ~*~*~tactically~*~*~ (hiding).
  7965 | D:8      | 7965 ||| INVOKING Heroism.
  7969 | D:8      | Killed a two-headed ogre
  7971 | D:8      | 7971 ||| Stepping ~*~*~tactically~*~*~ (hiding).
  7972 | D:8      | 7972 ||| Stepping ~*~*~tactically~*~*~ (hiding).
  7996 | D:8      | HP: 12/74 [something/bolt of acid (10)]
  8011 | D:8      | 8011 ||| DRINKING 3 potions of heal wounds.
  8012 | D:8      | 8012 ||| INVOKING Heroism.
  8013 | D:8      | 8013 ||| READING 3 scrolls of teleportation.
  8021 | D:8      | Killed Maurice
  8160 | D:8      | Found a sacrificial altar of Ru.
  8180 | D:8      | 8180 ||| INVOKING Heroism.
  8305 | D:8      | Noticed a two-headed ogre
  8306 | D:8      | 8306 ||| INVOKING Heroism.
  8316 | D:8      | Killed a two-headed ogre
  8384 | D:8      | Found a shimmering blue altar of Sif Muna.
  8429 | D:8      | Found a staircase to the Lair.
  8467 | D:8      | 8467 ||| Stepping ~*~*~tactically~*~*~ (hiding).
  8478 | D:8      | 8478 ||| INVOKING Heroism.
  8701 | D:8      | Reached skill level 11 in Axes
  8843 | D:8      | Found a sparkling altar of Nemelex Xobeh.
  8949 | D:8      | Found an ancient bone altar of Kikubaaqudgha.
  8950 | D:8      | Found a snail-covered altar of Cheibriados.
  9087 | D:8      | 9087 ||| PLANNING LAIR
  9087 | D:8      | 9087 ||| UPGRADING to +0 cloak.
  9092 | D:8      | 9092 ||| READING 3 scrolls labelled USUQ ALEIQON.
  9093 | D:8      | 9093 ||| READING 2 scrolls of identify.
  9093 | D:8      | 9093 ||| IDENTIFYING fizzy cyan potion
  9094 | D:8      | 9094 ||| DROPPING potion of invisibility.
  9095 | D:8      | 9095 ||| DROPPING 2 scrolls of blinking.
  9128 | Lair:1   | Entered Level 1 of the Lair of Beasts
  9213 | Lair:1   | 9213 ||| INVOKING Heroism.
  9232 | Lair:1   | 9232 ||| Stepping ~*~*~tactically~*~*~ (stealth).
  9242 | Lair:1   | 9242 ||| Stepping ~*~*~tactically~*~*~ (stealth).
  9249 | Lair:1   | Reached skill level 9 in Fighting
  9259 | Lair:1   | 9259 ||| Stepping ~*~*~tactically~*~*~ (stealth).
  9260 | Lair:1   | 9260 ||| Stepping ~*~*~tactically~*~*~ (stealth).
  9261 | Lair:1   | 9261 ||| INVOKING Heroism.
  9270 | Lair:1   | 9270 ||| Stepping ~*~*~tactically~*~*~ (stealth).
  9298 | Lair:1   | 9298 ||| INVOKING Heroism.
  9300 | Lair:1   | HP: 15/78 [blink frog (12)]
  9301 | Lair:1   | 9301 ||| READING 4 scrolls of teleportation.
  9302 | Lair:1   | 9302 ||| DRINKING 2 potions of heal wounds.
  9493 | Lair:1   | 9493 ||| INVOKING Heroism.
  9508 | Lair:1   | Reached skill level 12 in Axes
  9554 | Lair:1   | 9554 ||| INVOKING Heroism.
  9563 | Lair:1   | 9563 ||| Stepping ~*~*~tactically~*~*~ (stealth).
  9564 | Lair:1   | 9564 ||| Stepping ~*~*~tactically~*~*~ (stealth).
  9566 | Lair:1   | 9566 ||| Stepping ~*~*~tactically~*~*~ (stealth).
  9572 | Lair:1   | 9572 ||| INVOKING Heroism.
  9589 | Lair:1   | Reached XP level 12. HP: 83/83 MP: 15/15
  9589 | Lair:1   | Reached *** piety under Okawaru
  9626 | Lair:1   | 9626 ||| Stepping ~*~*~tactically~*~*~ (stealth).
  9628 | Lair:1   | 9628 ||| INVOKING Heroism.
  9654 | Lair:1   | 9654 ||| Stepping ~*~*~tactically~*~*~ (stealth).
  9662 | Lair:1   | Reached skill level 6 in Shields
  9663 | Lair:1   | 9663 ||| Stepping ~*~*~tactically~*~*~ (stealth).
  9665 | Lair:1   | 9665 ||| INVOKING Heroism.
  9745 | Lair:1   | 9745 ||| INVOKING Heroism.
  9760 | Lair:1   | 9760 ||| Stepping ~*~*~tactically~*~*~ (stealth).
  9791 | Lair:1   | 9791 ||| Stepping ~*~*~tactically~*~*~ (stealth).
  9799 | Lair:1   | 9799 ||| INVOKING Heroism.
  9925 | Lair:1   | 9925 ||| INVOKING Heroism.
  9944 | Lair:1   | Found a shadowy altar of Dithmenos.
  9945 | Lair:1   | 9945 ||| INVOKING Heroism.
 10146 | Lair:1   | 10146 ||| READING 2 scrolls of identify.
 10146 | Lair:1   | 10146 ||| IDENTIFYING bubbling sapphire potion
 10147 | Lair:1   | 10147 ||| DROPPING potion of berserk rage.
 10208 | Lair:2   | 10208 ||| INVOKING Heroism.
 10381 | Lair:2   | 10381 ||| Stepping ~*~*~tactically~*~*~ (stealth).
 10413 | Lair:2   | 10413 ||| Stepping ~*~*~tactically~*~*~ (stealth).
 10414 | Lair:2   | 10414 ||| Stepping ~*~*~tactically~*~*~ (stealth).
 10440 | Lair:2   | Noticed a six-headed hydra
 10441 | Lair:2   | 10441 ||| INVOKING Heroism.
 10445 | Lair:2   | Noticed Sonja
 10446 | Lair:2   | 10446 ||| SWAPPING to +1 demon whip of venom.
 10456 | Lair:2   | Killed a six-headed hydra
 10456 | Lair:2   | Reached **** piety under Okawaru
 10462 | Lair:2   | 10462 ||| INVOKING Heroism.
 10482 | Lair:2   | Killed Sonja
 10563 | Lair:2   | 10563 ||| UPGRADING to +2 war axe.
 10569 | Lair:2   | 10569 ||| INVOKING Heroism.
 10583 | Lair:2   | Reached skill level 13 in Axes
 10583 | Lair:2   | 10583 ||| INVOKING Heroism.
 10850 | Lair:2   | 10850 ||| INVOKING Heroism.
 10857 | Lair:2   | Received a gift from Okawaru
 11001 | Lair:2   | Identified the +0 scale mail of Calculation {rPois}
 11027 | Lair:2   | 11027 ||| Stepping ~*~*~tactically~*~*~ (stealth).
 11028 | Lair:2   | 11028 ||| Stepping ~*~*~tactically~*~*~ (stealth).
 11030 | Lair:2   | 11030 ||| Stepping ~*~*~tactically~*~*~ (stealth).
 11047 | Lair:2   | 11047 ||| INVOKING Heroism.
 11238 | Lair:2   | Found the +8 trident of the Octopus King {venom, rElec
                  | rPois}
 11341 | Lair:2   | Reached XP level 13. HP: 83/91 MP: 16/16
 11425 | Lair:2   | 11425 ||| INVOKING Heroism.
 11610 | Lair:2   | 11610 ||| READING 3 scrolls of identify.
 11610 | Lair:2   | 11610 ||| IDENTIFYING lumpy amethyst potion
 11691 | Lair:3   | 11691 ||| FLEEEEING.
 11692 | Lair:3   | 11692 ||| FLEEEEING.
 11693 | Lair:3   | 11693 ||| FLEEEEING.
 11694 | Lair:3   | 11694 ||| FLEEEEING.
 11695 | Lair:3   | 11695 ||| FLEEEEING.
 11696 | Lair:3   | 11696 ||| FLEEEEING.
 11697 | Lair:3   | 11697 ||| FLEEEEING.
 11698 | Lair:3   | 11698 ||| STAIRDANCE
 11808 | Lair:3   | 11808 ||| INVOKING Heroism.
 11817 | Lair:3   | Reached skill level 6 in Invocations
 11911 | Lair:3   | 11911 ||| Stepping ~*~*~tactically~*~*~ (stealth).
 11913 | Lair:3   | 11913 ||| Stepping ~*~*~tactically~*~*~ (stealth).
 11914 | Lair:3   | 11914 ||| Stepping ~*~*~tactically~*~*~ (stealth).
 11931 | Lair:3   | Received a gift from Okawaru
 11933 | Lair:3   | Reached skill level 14 in Axes
 12017 | Lair:3   | 12017 ||| READING scroll of enchant weapon.
 12017 | Lair:3   | 12017 ||| ENCHANTING +2 war axe.
 12035 | Lair:3   | 12035 ||| Stepping ~*~*~tactically~*~*~ (stealth).
 12037 | Lair:3   | 12037 ||| INVOKING Heroism.
 12147 | Lair:3   | 12147 ||| Stepping ~*~*~tactically~*~*~ (hiding).
 12148 | Lair:3   | 12148 ||| Stepping ~*~*~tactically~*~*~ (stealth).
 12149 | Lair:3   | 12149 ||| INVOKING Heroism.
 12153 | Lair:3   | 12153 ||| SWAPPING to +1 demon whip of venom.
 12176 | Lair:3   | Reached ***** piety under Okawaru
 12191 | Lair:3   | 12191 ||| FLEEEEING.
 12194 | Lair:3   | 12194 ||| INVOKING Heroism.
 12214 | Lair:3   | 12214 ||| FLEEEEING.
 12367 | Lair:3   | 12367 ||| Stepping ~*~*~tactically~*~*~ (stealth).
 12368 | Lair:3   | 12368 ||| INVOKING Heroism.
 12445 | Lair:3   | 12445 ||| UPGRADING to +3 war axe.
 12471 | Lair:3   | 12471 ||| INVOKING Heroism.
 12528 | Lair:3   | 12528 ||| INVOKING Heroism.
 12534 | Lair:3   | 12534 ||| SWAPPING to +1 demon whip of venom.
 12602 | Lair:3   | 12602 ||| UPGRADING to +3 war axe.
 12668 | Lair:3   | 12668 ||| INVOKING Heroism.
 12673 | Lair:3   | 12673 ||| SWAPPING to +1 demon whip of venom.
 12679 | Lair:3   | 12679 ||| UPGRADING to +3 war axe.
 12697 | Lair:3   | Found a staircase to the Snake Pit.
 12740 | Lair:3   | Found a staircase to the Swamp.
 12810 | Lair:3   | 12810 ||| Stepping ~*~*~tactically~*~*~ (stealth).
 12958 | Lair:3   | 12958 ||| INVOKING Heroism.
 12981 | Lair:3   | 12981 ||| INVOKING Finesse.
 13423 | Lair:3   | 13423 ||| UPGRADING to +2 helmet.
 13443 | Lair:4   | 13443 ||| INVOKING Heroism.
 13465 | Lair:4   | 13465 ||| Stepping ~*~*~tactically~*~*~ (stealth).
 13466 | Lair:4   | 13466 ||| Stepping ~*~*~tactically~*~*~ (stealth).
 13493 | Lair:4   | 13493 ||| FLEEEEING.
 13494 | Lair:4   | 13494 ||| FLEEEEING.
 13495 | Lair:4   | 13495 ||| STAIRDANCE
 13582 | Lair:4   | 13582 ||| STAIRDANCE
 13726 | Lair:4   | 13726 ||| INVOKING Heroism.
 13777 | Lair:4   | Reached skill level 9 in Invocations
 13814 | Lair:4   | 13814 ||| Stepping ~*~*~tactically~*~*~ (stealth).
 13831 | Lair:4   | 13831 ||| INVOKING Heroism.
 13837 | Lair:4   | 13837 ||| Stepping ~*~*~tactically~*~*~ (stealth).
 13848 | Lair:4   | 13848 ||| INVOKING Finesse.
 13870 | Lair:4   | 13870 ||| Stepping ~*~*~tactically~*~*~ (stealth).
 13878 | Lair:4   | Gained mutation: Your large and strong wings let you fly.
                  | [Gargoyle growth]
 13878 | Lair:4   | Reached XP level 14. HP: 90/99 MP: 16/21
 13880 | Lair:4   | 13880 ||| INVOKING Heroism.
 13946 | Lair:4   | 13946 ||| INVOKING Heroism.
 13947 | Lair:4   | 13947 ||| INVOKING Finesse.
 14134 | Lair:4   | Found a runed translucent door.
 14563 | Lair:4   | 14563 ||| READING scroll labelled PAIPIOT MOGH.
 14564 | Lair:4   | 14564 ||| READING 3 scrolls of identify.
 14564 | Lair:4   | 14564 ||| IDENTIFYING bubbling ruby potion
 14565 | Lair:4   | 14565 ||| DROPPING potion of brilliance.
 14610 | Lair:5   | Entered Level 5 of the Lair of Beasts
 14639 | Lair:5   | 14639 ||| INVOKING Heroism.
 14650 | Lair:5   | Reached skill level 15 in Axes
 14856 | Lair:5   | 14856 ||| Stepping ~*~*~tactically~*~*~ (stealth).
 14857 | Lair:5   | 14857 ||| INVOKING Heroism.
 14863 | Lair:5   | 14863 ||| SWAPPING to +1 demon whip of venom.
 14975 | Lair:5   | 14975 ||| UPGRADING to +3 war axe.
 14979 | Lair:5   | 14979 ||| Stepping ~*~*~tactically~*~*~ (stealth).
 15021 | Lair:5   | 15021 ||| Stepping ~*~*~tactically~*~*~ (stealth).
 15023 | Lair:5   | 15023 ||| Stepping ~*~*~tactically~*~*~ (stealth).
 15026 | Lair:5   | 15026 ||| INVOKING Heroism.
 15049 | Lair:5   | Reached skill level 12 in Fighting
 15064 | Lair:5   | 15064 ||| INVOKING Finesse.
 15110 | Lair:5   | 15110 ||| Stepping ~*~*~tactically~*~*~ (stealth).
 15263 | Lair:5   | Found a broken altar of Ashenzari.
 15469 | Lair:5   | Found a runed translucent door.
 15470 | Lair:5   | Found a viscous altar of Jiyva.
 15472 | Lair:5   | Found a staircase to the Slime Pits.
 15566 | Lair:5   | 15566 ||| Stepping ~*~*~tactically~*~*~ (hiding).
 15567 | Lair:5   | 15567 ||| Stepping ~*~*~tactically~*~*~ (hiding).
 15688 | Lair:5   | 15688 ||| INVOKING Heroism.
 15696 | Lair:5   | 15696 ||| Stepping ~*~*~tactically~*~*~ (stealth).
 15748 | Lair:5   | 15748 ||| INVOKING Heroism.
 15789 | Lair:5   | 15789 ||| Stepping ~*~*~tactically~*~*~ (stealth).
 15800 | Lair:5   | 15800 ||| Stepping ~*~*~tactically~*~*~ (stealth).
 15801 | Lair:5   | 15801 ||| Stepping ~*~*~tactically~*~*~ (stealth).
 15827 | Lair:5   | 15827 ||| INVOKING Heroism.
 15842 | Lair:5   | 15842 ||| Stepping ~*~*~tactically~*~*~ (stealth).
 15872 | Lair:5   | 15872 ||| Stepping ~*~*~tactically~*~*~ (hiding).
 15883 | Lair:5   | 15883 ||| Stepping ~*~*~tactically~*~*~ (hiding).
 15895 | Lair:5   | Reached skill level 16 in Axes
 15963 | Lair:5   | 15963 ||| Stepping ~*~*~tactically~*~*~ (hiding).
 15976 | Lair:5   | 15976 ||| Stepping ~*~*~tactically~*~*~ (hiding).
 16023 | Lair:5   | 16023 ||| Stepping ~*~*~tactically~*~*~ (stealth).
 16078 | Lair:5   | 16078 ||| Stepping ~*~*~tactically~*~*~ (hiding).
 16276 | Lair:5   | Received a gift from Okawaru
 16568 | Lair:5   | 16568 ||| PLANNING D:1-11
 16568 | Lair:5   | 16568 ||| DROPPING ring of positive energy.
 16569 | Lair:5   | 16569 ||| DROPPING ring of willpower.
 16570 | Lair:5   | 16570 ||| UPGRADING to +4 ring of protection.
 16572 | Lair:5   | 16572 ||| READING scroll labelled PETAYX SOMOUFISMA.
 16573 | Lair:5   | 16573 ||| READING scroll labelled XUEMAUS EPNEOR.
 16751 | D:9      | 16751 ||| Stepping ~*~*~tactically~*~*~ (hiding).
 16759 | D:9      | Reached skill level 3 in Dodging
 17082 | D:9      | Reached skill level 1 in Throwing
 17154 | D:9      | 17154 ||| Stepping ~*~*~tactically~*~*~ (stealth).
 17252 | D:10     | Entered Level 10 of the Dungeon
 17318 | D:10     | Found a broken altar of Ashenzari.
 17348 | D:10     | 17348 ||| UPGRADING to +0 broad axe.
 17349 | D:10     | 17349 ||| DROPPING +3 war axe.
 17350 | D:10     | 17350 ||| INVOKING Heroism.
 17351 | D:10     | 17351 ||| INVOKING Finesse.
 17379 | D:10     | Identified the +0 ring mail of Fortification {rPois rN++
                  | Str+4 Dex-5} (Okawaru gifted it to you on level 10 of the
                  | Dungeon)
 17379 | D:10     | Received a gift from Okawaru
 17488 | D:10     | 17488 ||| Stepping ~*~*~tactically~*~*~ (hiding).
 17489 | D:10     | 17489 ||| Stepping ~*~*~tactically~*~*~ (hiding).
 17491 | D:10     | 17491 ||| Stepping ~*~*~tactically~*~*~ (hiding).
 17588 | D:10     | 17588 ||| INVOKING Heroism.
 17759 | D:10     | Found a white marble altar of Elyvilon.
 18097 | D:10     | Found a glowing golden altar of the Shining One.
 18297 | D:11     | 18297 ||| FLEEEEING.
 18298 | D:11     | 18298 ||| FLEEEEING.
 18299 | D:11     | 18299 ||| FLEEEEING.
 18300 | D:11     | 18300 ||| FLEEEEING.
 18301 | D:11     | 18301 ||| FLEEEEING.
 18302 | D:11     | 18302 ||| FLEEEEING.
 18307 | D:11     | 18307 ||| FLEEEEING.
 18308 | D:11     | 18308 ||| FLEEEEING.
 18309 | D:11     | 18309 ||| FLEEEEING.
 18310 | D:11     | 18310 ||| FLEEEEING.
 18311 | D:11     | 18311 ||| STAIRDANCE
 18415 | D:11     | 18415 ||| INVOKING Heroism.
 18430 | D:11     | Reached XP level 15. HP: 83/105 MP: 20/22
 18651 | D:11     | 18651 ||| READING scroll of enchant weapon.
 18651 | D:11     | 18651 ||| ENCHANTING +0 broad axe.
 18674 | D:11     | 18674 ||| Stepping ~*~*~tactically~*~*~ (hiding).
 18781 | D:11     | Found an ornate altar of the Wu Jian Council.
 18811 | D:11     | Found a staircase to the Orcish Mines.
 18943 | D:11     | 18943 ||| Stepping ~*~*~tactically~*~*~ (hiding).
 18946 | D:11     | 18946 ||| Stepping ~*~*~tactically~*~*~ (hiding).
 18948 | D:11     | 18948 ||| Stepping ~*~*~tactically~*~*~ (hiding).
 19527 | D:11     | 19527 ||| PLANNING D
 19527 | D:11     | 19527 ||| UPGRADING to +0 pair of gloves.
 19532 | D:11     | 19532 ||| DROPPING orb of light.
 19672 | D:12     | 19672 ||| FLEEEEING.
 19892 | D:12     | Noticed Lodul
 19893 | D:12     | 19893 ||| Stepping ~*~*~tactically~*~*~ (hiding).
 19916 | D:12     | 19916 ||| Stepping ~*~*~tactically~*~*~ (hiding).
 19918 | D:12     | 19918 ||| Stepping ~*~*~tactically~*~*~ (hiding).
 19931 | D:12     | Reached skill level 3 in Throwing
 19935 | D:12     | Killed Lodul
 19987 | D:12     | 19987 ||| Stepping ~*~*~tactically~*~*~ (stealth).
 19998 | D:12     | 19998 ||| Stepping ~*~*~tactically~*~*~ (hiding).
 19999 | D:12     | 19999 ||| Stepping ~*~*~tactically~*~*~ (stealth).
 20128 | D:12     | 20128 ||| Stepping ~*~*~tactically~*~*~ (stealth).
 20449 | D:12     | 20449 ||| READING 12 scrolls of identify.
 20449 | D:12     | 20449 ||| IDENTIFYING bubbling grey potion
 20581 | D:12     | 20581 ||| INVOKING Heroism.
 20599 | D:12     | HP: 26/105 [??? (6)]
 20600 | D:12     | 20600 ||| READING 4 scrolls of teleportation.
 20601 | D:12     | 20601 ||| DRINKING potion of heal wounds.
 21020 | D:13     | 21020 ||| INVOKING Heroism.
 21215 | D:13     | 21215 ||| READING scroll of enchant weapon.
 21215 | D:13     | 21215 ||| ENCHANTING +1 broad axe.
 21302 | D:13     | Noticed Nessos
 21314 | D:13     | 21314 ||| INVOKING Heroism.
 21318 | D:13     | 21318 ||| READING 4 scrolls of teleportation.
 21323 | D:13     | Killed Nessos
 21382 | D:13     | 21382 ||| Stepping randomly (disturbance).
 21566 | D:13     | Reached skill level 17 in Axes
 21592 | D:13     | 21592 ||| INVOKING Heroism.
 21608 | D:13     | HP: 14/106 [very large slime creature (45)]
 21609 | D:13     | 21609 ||| READING 3 scrolls of teleportation.
 21609 | D:13     | Slain by a very large slime creature

Levels and vault maps discovered:
D:1:      dpeg_arrival_circle_labyrinth_a, layout_basic, minmay_statues_item
D:2:      layout_loops_ring
D:3:      minmay_octagon_keep, layout_basic, uniq_jessica
D:4:      layout_basic, minmay_temple_entry_waves, hex_medium,
          kennysheep_generic_room_8, uniq_natasha
D:5:      layout_cave_pods, vehumet_altar_wand_db, makhleb_grotto_becter,
          nicolae_dithmenos_through_a_glass_darkly,
          nicolae_overflow_crystal_walls, serial_shops, shop,
          nicolae_nh_oracle_at_delphi, uniq_menkaure, uniq_prince_ribbit1,
          uniq_eustachio
D:6:      layout_cave_pools, lemuel_zombie_altar_yredelemnul, serial_shops, shop
D:7:      layout_basic, serial_demonic, serial_demonic_e, serial_demonic_b,
          serial_demonic_c, serial_demonic_d, serial_demonic_g,
          serial_demonic_b, enter_ossuary_2, nicolae_shop_dragon_depot
D:8:      layout_basic, mainiacjoe_overflow_tiny_flanked,
          mainiacjoe_overflow_divided_tiny, nemelex_spade_bored_becter,
          mainiacjoe_overflow_cross_hatched, nicolae_ru_sacrificial_ziggurat,
          hellmonk_lair_entry_icy, uniq_maurice
D:9:      layout_rooms
D:10:     layout_roguey, elyvilon_altar_1, ashenzari_conservatory_becter,
          nicolae_tso_carved_into_rock, hangedman_decor_growths
D:11:     layout_basic, orc_0_dummy, serial_corexii_hall,
          corexii_hall_statues_s, chequers_hall_statues_wall_a,
          nzn_wu_jian_contemplation
D:12:     hangedman_arrow_trap, layout_loops_ring, uniq_lodul
D:13:     layout_rooms, lightli_vaults_fourway_checkpoint, minmay_fountain_box,
          uniq_nessos
Temple:   hellmonk_temple_rainy
Lair:1:   layout_misc_corridors, hangedman_lair_unloving_vines,
          lemuel_oklob_altar
Lair:2:   layout_hall_layers, chequers_serial_rivers_large_a,
          grunt_megastairs_3, lemuel_fruit_fields, lemuel_fruit_fields,
          lemuel_fruit_fields, uniq_sonja
Lair:3:   layout_chaotic_city, palyth_hydra_swamp_entry, dummy_snake_entry,
          pdpol_lair_neglected_garden
Lair:4:   beast_lair_carwin_large_4, layout_loops_ring, pf_torpor_hydra
Lair:5:   hangedman_lair_caniforms_friends, layout_regular_city, slime_entry_2,
          basic_altar, serial_bayou_lagoon_b

Skill      XL: |  1  2  3  4  5  6  7  8  9 10 11 12 13 14 15 |
---------------+----------------------------------------------+-----
Axes           | 2 3 4 5 6 7 8 9 10 12 13 14 16 17 | 17.0
Fighting       | 4 6 7 9 10 11 12 | 12.4
Dodging        | 1 2 3 |  3.0
Invocations    | 1 4 5 9 10 | 10.0
Shields        | 4 5 6 7 8 |  8.0
Armour         | 12 | 12.8
Throwing       | 2 5 |  5.0

Action                     |  1- 3 |  4- 6 |  7- 9 | 10-12 | 13-15 || total
---------------------------+-------+-------+-------+-------+-------++-------
  Melee: War axe           |    82 |   149 |   160 |   545 |   656 ||  1592
         Demon whip        |       |       |       |    27 |    75 ||   102
         Broad axe         |       |       |       |       |   278 ||   278
  Throw: Boomerang         |    47 |       |       |       |    21 ||    68
         Javelin           |       |       |       |     3 |    35 ||    38
 Invoke: Heroism           |       |       |    11 |    30 |    28 ||    69
         Finesse           |       |       |       |       |     5 ||     5
    Use: Scroll            |     5 |     7 |     3 |     7 |    12 ||    34
         Potion            |     1 |     3 |     1 |     2 |     1 ||     8
 Armour: Scale mail        |    48 |    66 |    77 |       |       ||   191
         Plate armour      |       |       |       |   334 |   663 ||   997
         Chain mail        |       |       |       |    14 |       ||    14
  Dodge: Dodged            |    34 |    78 |    57 |   171 |   288 ||   628
  Block: Buckler           |    10 |    27 |    23 |   115 |   253 ||   428

Table legend:
 A = Non-vault XP
 B = Vault XP
 C = Vault XP percentage of total XP
 D = Non-vault monster count
 E = Vault monster count
 F = Vault count percentage of total count
                 A         B        C        D         E       F
            +---------+---------+-------+---------+---------+-------
      Total |   73815 |   30083 |  29.0 |     428 |     166 |  27.9
            +---------+---------+-------+---------+---------+-------
        D:1 |      39 |       0 |   0.0 |      24 |       0 |   0.0
        D:2 |      45 |       0 |   0.0 |      21 |       0 |   0.0
        D:3 |      21 |      68 |  76.4 |       7 |      15 |  68.2
        D:4 |     214 |      37 |  14.7 |      29 |       3 |   9.4
        D:5 |    1016 |     824 |  44.8 |      25 |       7 |  21.9
        D:6 |    1018 |      65 |   6.0 |      14 |       2 |  12.5
        D:7 |    1291 |     282 |  17.9 |      37 |      10 |  21.3
        D:8 |    2857 |    1763 |  38.2 |      28 |       8 |  22.2
        D:9 |    1820 |       0 |   0.0 |      16 |       0 |   0.0
       D:10 |    2181 |       0 |   0.0 |      18 |       0 |   0.0
       D:11 |    8811 |       0 |   0.0 |      23 |       0 |   0.0
       D:12 |    3311 |    3971 |  54.5 |      13 |      16 |  55.2
       D:13 |    4699 |    1032 |  18.0 |      14 |       1 |   6.7
     Lair:1 |    9449 |     527 |   5.3 |      39 |       1 |   2.5
     Lair:2 |    8194 |    2166 |  20.9 |      32 |       8 |  20.0
     Lair:3 |   11256 |    2897 |  20.5 |      34 |       7 |  17.1
     Lair:4 |    3645 |    6292 |  63.3 |      17 |      16 |  48.5
     Lair:5 |   13948 |   10004 |  41.8 |      37 |      56 |  60.2
    Ossuary |       0 |     155 | 100.0 |       0 |      16 | 100.0
            +---------+---------+-------+---------+---------+-------
